 Dungeon Crawl Stone Soup version 0.23.2-1-ga50397a (webtiles) character file.

Game seed: 7928749865844796306

555 TrebMcFLY the Chopper (level 7, -5/61 HPs)
             Began as a Minotaur Fighter on May 21, 2019.
             Slain by an ogre
             ... wielding a +0 giant club
              (18 damage)
             ... on level 4 of the Dungeon.
             The game lasted 00:09:58 (3392 turns).

TrebMcFLY the Chopper (Minotaur Fighter)            Turns: 3392, Time: 00:09:59

Health: -5/61      AC: 12    Str: 25    XL:     7   Next: 8%
Magic:  6/6        EV:  0    Int:  5    God:
Gold:   145        SH: 14    Dex: 10    Spells: 6/6 levels left

rFire    . . .     SeeInvis .   a - +0 war axe
rCold    . . .     Gourm    .   g - -1 large shield (curse)
rNeg     . . .     Faith    .   k - +0 plate armour
rPois    .         Spirit   .   (helmet restricted)
rElec    .         Reflect  .   (no cloak)
rCorr    .         Harm     .   (no gloves)
MR       .....                  (no boots)
Stlth    ..........             q - amulet of inaccuracy (curse)
HPRegen  0.20/turn              i - -3 ring of evasion (curse)
MPRegen  0.10/turn              r - +3 ring of strength

@: no status effects
A: retaliatory headbutt, horns 2
a: no special abilities


You were on level 4 of the Dungeon.
You were not hungry.

You visited 1 branch of the dungeon, and saw 4 of its levels.

You collected 145 gold pieces.

Inventory:

Hand Weapons
 a - a +0 war axe (weapon)
Armour
 b - a +0 scale mail
 c - a +1 shield
 g - a cursed -1 large shield (worn)
 k - a +0 plate armour (worn)
Jewellery
 i - a cursed -3 ring of evasion (left hand)
 q - a cursed amulet of inaccuracy (around neck)
 r - a +3 ring of strength (right hand)
Scrolls
 e - a scroll of enchant armour
 l - 2 scrolls of identify
 n - 2 scrolls of magic mapping
Potions
 d - a potion of might
 h - 2 potions of agility
 j - a potion of brilliance {unknown}
 m - a potion of flight {unknown}
 p - a potion of heal wounds {unknown}
Comestibles
 f - 8 rations


   Skills:
 + Level 5.4 Fighting
 * Level 6.1 Axes
 + Level 5.4 Armour
 + Level 5.3 Shields


You had 6 spell levels left.
You didn't know any spells.
Your spell library contained the following spells:

 Spells                   Type           Power        Failure   Level  Hunger
 Summon Small Mammal      Summ           #...         100%        1    ##.....
 Call Imp                 Summ           #.......     100%        2    ###....
 Call Canine Familiar     Summ           #.......     100%        3    ####...
 Summon Guardian Golem    Hex/Summ       #.......     100%        3    ####...
 Summon Ice Beast         Ice/Summ       #.......     100%        4    #####..
 Summon Lightning Spire   Summ/Air       #.......     100%        4    #####..


Dungeon Overview and Level Annotations

Branches:
Dungeon (4/15)
 Temple: D:4-7

Altars:
Elyvilon
Jiyva

Annotations:
D:2 1 runed translucent door, Crazy Yiuf


Innate Abilities, Weirdness & Mutations

You reflexively headbutt those who attack you in melee.
You have a pair of horns on your head.


Message History

An ogre comes into view. It is wielding a +0 giant club.
The ogre shouts!
You hit the ogre. You headbutt the ogre.
The ogre is moderately wounded.
The ogre hits you with a +0 giant club!
You closely miss the ogre. Your headbutt misses the ogre.
The ogre is moderately wounded.
The ogre hits you with a +0 giant club!
All of the chunks of flesh in your inventory have rotted away.
You completely miss the ogre.
The ogre is moderately wounded.
The ogre hits you but does no damage.
Your plate armour prevents you from hitting the ogre.
The ogre is moderately wounded.
The ogre hits you with a +0 giant club!!
* * * LOW HITPOINT WARNING * * *
You closely miss the ogre. You headbutt the ogre.
The ogre is moderately wounded.
The ogre hits you with a +0 giant club!!
You die...

########.#.#.#.#.#.....#
#.#.# #.#.#.#.#.#.....#
#.#.# #.#.#.#.#.#.#####
#.#.# #.#.#.#...#.#
#.#.# #.#.#.#####.#
#####.#..
#.#.#.....#.####
#........ #.#
#####.#....###.......#
#.#....'..........
#@#....###.......#
#O###### #.......#
...O...!# #########
#.######################
#...........(.........
#......###############
#......# # #......# #
#......# #


You could see an ogre.

Vanquished Creatures
  2 scorpions (D:4)
  4 orc priests
  A hound (D:4)
  A centaur skeleton (D:4)
  An iguana (D:4)
  An orc wizard (D:4)
  2 worker ants (D:4)
  8 adders
  4 oozes
  A worm (D:2)
  3 dart slugs
  A leopard gecko (D:1)
  11 orcs
  6 bats
  3 giant cockroaches
  10 goblins
  6 hobgoblins
  5 jackals (D:3)
  2 kobolds
  A quokka (D:2)
  A ball python (D:2)
  8 frilled lizards
  A quokka skeleton (D:4)
  5 rats
88 creatures vanquished.

Notes
Turn   | Place    | Note
-------+----------+-------------------------------------------
     0 | D:1      | TrebMcFLY the Minotaur Fighter began the quest for the Orb.
     0 | D:1      | Reached XP level 1. HP: 19/19 MP: 0/0
   120 | D:1      | Found a viscous altar of Jiyva.
   120 | D:1      | Noticed a jelly
   120 | D:1      | Noticed a jelly
   126 | D:1      | Noticed a jelly
   133 | D:1      | Noticed a jelly
   133 | D:1      | Noticed a jelly
   133 | D:1      | Noticed a jelly
   222 | D:1      | Reached XP level 2. HP: 27/27 MP: 1/1
   390 | D:1      | Reached skill level 3 in Axes
   668 | D:2      | Found a white marble altar of Elyvilon.
   679 | D:2      | Reached XP level 3. HP: 15/33 MP: 2/2
  1085 | D:2      | Reached XP level 4. HP: 40/40 MP: 3/3
  1266 | D:2      | Found a runed translucent door.
  1267 | D:2      | Noticed Crazy Yiuf
  1603 | D:3      | Reached skill level 4 in Axes
  2026 | D:3      | Reached XP level 5. HP: 9/47 MP: 4/4
  2646 | D:4      | Reached skill level 5 in Axes
  2661 | D:4      | Reached XP level 6. HP: 37/55 MP: 5/5
  2909 | D:4      | Reached skill level 5 in Fighting
  2909 | D:4      | Reached skill level 5 in Armour
  3059 | D:4      | Reached skill level 5 in Shields
  3138 | D:4      | Reached skill level 6 in Axes
  3186 | D:4      | Reached XP level 7. HP: 45/61 MP: 6/6
  3392 | D:4      | Slain by an ogre

Skill      XL: |  1  2  3  4  5  6 |
---------------+-------------------+-----
Axes           | 3 4 5 6 |  6.1
Fighting       | 4 5 |  5.4
Armour         | 4 5 |  5.4
Shields        | 4 5 |  5.3

Action                   |  1- 3 |  4- 6 |  7- 9 || total
-------------------------+-------+-------+-------++-------
Melee: War axe           |    65 |   133 |    12 ||   210
       Headbutt          |    13 |    31 |     4 ||    48
       Hand axe          |       |    42 |       ||    42
  Use: Scroll            |       |     5 |       ||     5
  Eat: Chunk             |     1 |     7 |       ||     8
Armor: Scale mail        |    32 |    48 |       ||    80
       Plate armour      |       |    24 |     3 ||    27
Dodge: Dodged            |    23 |    34 |       ||    57
Block: Shield            |    29 |    56 |       ||    85
       Large shield      |       |    45 |     3 ||    48
